 Dungeon Crawl Stone Soup version 0.28.0-53-g5a82cb258f (webtiles) character file.

Game seed: 14166388910428603364

25 Sanktem7 the Skirmisher (level 2, 0/28 HPs)
             Began as a Minotaur Fighter on June 27, 2022.
             Succumbed to an adder's poison
             ... on level 2 of the Dungeon.
             The game lasted 00:01:33 (1266 turns).

Sanktem7 the Skirmisher (Minotaur Fighter)          Turns: 1266, Time: 00:01:33

Health: 0/28       AC:  9    Str: 20    XL:     2   Next: 86%
Magic:  1/1        EV:  7    Int:  5    God:
Gold:   44         SH:  4    Dex:  9    Spells: 1/1 levels left

rFire   . . .      SeeInvis .   a - +0 war axe {axe}
rCold   . . .      Faith    .   c - +0 buckler
rNeg    . . .      Spirit   .   l - +0 chain mail
rPois   .          Reflect  .   (helmet restricted)
rElec   .          Harm     .   (no cloak)
rCorr   .          Rampage  .   (no gloves)
Will    .....                   (no boots)
Stlth   ..........              (no amulet)
HPRegen 0.09/turn               (no ring)
MPRegen 0.07/turn               (no ring)

@: lethally poisoned (0 -> -4)
A: horns 2, retaliatory headbutt
a: no special abilities


You were on level 2 of the Dungeon.
You visited 1 branch of the dungeon, and saw 2 of its levels.

You collected 44 gold pieces.


Innate Abilities, Weirdness & Mutations

You have a pair of horns on your head.
You reflexively headbutt those who attack you in melee.


   Skills:
 * Level 4.3 Fighting
 * Level 3.4 Axes
 - Level 3.6 Armour
 - Level 3.6 Shields


You had one spell level left.
You didn't know any spells.
Your spell library was empty.

Inventory:

Hand Weapons
 a - a +0 war axe (weapon) {axe}
 i - a +1 dagger of venom {short}
   (You took it off a kobold on level 1 of the Dungeon)
Missiles
 f - 63 stones (quivered) {throwing}
 j - 2 poisoned darts {throwing}
 k - 28 sling bullets
Armour
 c - a +0 buckler (worn)
 l - a +0 chain mail (worn)
   (You found it on level 1 of the Dungeon)
Jewellery
 m - a ring of flight
   (You found it on level 1 of the Dungeon)
Scrolls
 g - a scroll of fear {unknown}
Potions
 b - a potion of flight {unknown}
 d - a potion of might
 e - 3 potions of heal wounds {unknown}
 h - a potion of cancellation {unknown}

Dungeon Overview and Level Annotations

Branches:
Dungeon (2/15)

Altars:

#.# # #..## .#
..#####..#
##.#
.....##.## ...
#.....###.#
##........#
##..#.##..##
###..##.###.##
######...###..
#@.#
.......###
###.##†#
.......#
#..........#
†......#
#######.##.#
.......# ..
<......# ...
.......# ..
.......# #
.....^.#


There were no monsters in sight!


Message History

Done exploring.
Done exploring.
There is a staircase leading out of the dungeon here.
There is a stone staircase leading down here.
You climb downwards.
The hobgoblin shouts!
There is a stone staircase leading up here.
You hit the hobgoblin.
The hobgoblin hits you but does no damage.
You closely miss the hobgoblin. You headbutt the hobgoblin.
You kill the hobgoblin! 😎 HP[+1]
You now have 28 max hp (+1).
Your hp is fully restored (28).
No target in view!
No target in view!
No target in view!
f - 57 stones {throwing} (gained 23)
f - 63 stones {throwing} (gained 6)
A rat comes into view.
A rat is nearby!
A rat is nearby!
A rat is nearby!
A rat is nearby!
A rat is nearby!
A rat is nearby!
An adder and a hobgoblin come into view.
The adder hisses angrily.
The hobgoblin shouts!
You barely miss the rat. The rat barely misses you.
You barely miss the rat. The rat bites you.
The rat bites you but does no damage. 😕 HP[-2]
You take 2 damage, and now have 26/28 hp.
You hit the rat.
You kill the rat!
You closely miss the hobgoblin. The hobgoblin closely misses you.
The hobgoblin hits you but does no damage. 😕 HP[+1]
You barely miss the hobgoblin. The hobgoblin hits you. 😕 HP[-2]
You take 2 damage, and now have 25/28 hp.
You slash the hobgoblin!
You kill the hobgoblin!
The adder bites you. 😕 HP[-3]
You take 3 damage, and now have 22/28 hp.
You miss the adder. You headbutt the adder!
The adder bites you but does no damage. x2
You miss the adder. Your headbutt misses the adder.
The adder closely misses you. x2
You closely miss the adder. Your headbutt misses the adder.
The adder completely misses you.
You barely miss the adder. The adder bites you.
You are poisoned.
The adder poisons you! You block the adder's attack. 😮 HP[-4]
You take 4 damage, and now have 18/28 hp.
You are too injured to fight recklessly!
You are too injured to fight recklessly!
You are too injured to fight recklessly!
You are too injured to fight recklessly!
You are too injured to fight recklessly!
You are too injured to fight recklessly!
You are too injured to fight recklessly!
You are too injured to fight recklessly!
You closely miss the adder. Your headbutt misses the adder.
You feel very sick. The adder bites you but does no damage.
The adder bites you.
* * * LOW HITPOINT WARNING * * *
You are more poisoned.
The adder poisons you! 😨 HP[-5]
You take 5 damage, and now have 13/28 hp.
You barely miss the adder.
* * * LOW HITPOINT WARNING * * *
You feel very sick. You block the adder's attack. The adder bites you.
* * * LOW HITPOINT WARNING * * *
😱 HP[-7]
You take 7 damage, and now have 6/28 hp.
MASSIVE DAMAGE!! (PAUSE)
You hit the adder. Your headbutt misses the adder.
* * * LOW HITPOINT WARNING * * *
You feel very sick.
The adder completely misses you. 😱 HP[-2]
You take 2 damage, and now have 4/28 hp.
Unknown command.
You miss the adder. Your headbutt misses the adder.
* * * LOW HITPOINT WARNING * * *
You feel sick.
The adder bites you but does no damage. x2 😱 HP[-1]
You take 1 damage, and now have 3/28 hp.
Unknown command.
* * * LOW HITPOINT WARNING * * *
You feel sick. You block the adder's attack. 😱 HP[-1]
You take 1 damage, and now have 2/28 hp.
You hit the adder.
You kill the adder!
You die...

Skill      XL: |  1  2 |
---------------+-------+-----
Fighting       | 4 |  4.3
Axes           | 3 |  3.4
Armour         | |  3.6
Shields        | |  3.6

Action                   || total
-------------------------++-------
Melee: War axe           ||    42
       Headbutt          ||     3
Armor: Scale mail        ||     7
       Chain mail        ||     9
Dodge: Dodged            ||    25
Block: Buckler           ||     7

Levels and vault maps discovered:
D:1:      dpeg_arrival_long_road, layout_basic
D:2:      minmay_diamond_boxcup, layout_rooms, ebering_ecumenical_altar_rust,
          uniq_jessica

Notes
Turn   | Place    | Note
-------+----------+-------------------------------------------
     0 | D:1      | Sanktem7 the Minotaur Fighter began the quest for the Orb.
     0 | D:1      | Reached XP level 1. HP: 19/19 MP: 0/0
     0 | D:1      | magus.rc [v1.9.6]
   232 | D:1      | Reached skill level 4 in Fighting
   232 | D:1      | Reached XP level 2. HP: 27/27 MP: 1/1
   237 | D:1      | Reached skill level 3 in Axes
  1262 | D:2      | HP: 6/28 [adder (4)]
  1265 | D:2      | HP: 2/28 [poisoned by an adder]
  1266 | D:2      | Succumbed to an adder's poison

Vanquished Creatures
  An adder (D:2)
  A dart slug (D:1)
  2 ball pythons (D:1)
  2 giant cockroaches (D:1)
  2 goblins (D:1)
  5 hobgoblins
  2 quokkas (D:1)
  2 bats (D:1)
  A kobold (D:1)
  4 rats
22 creatures vanquished.

Table legend:
 A = Non-vault XP
 B = Vault XP
 C = Vault XP percentage of total XP
 D = Non-vault monster count
 E = Vault monster count
 F = Vault count percentage of total count
                 A         B        C        D         E       F
            +---------+---------+-------+---------+---------+-------
      Total |      50 |       0 |   0.0 |      22 |       0 |   0.0
            +---------+---------+-------+---------+---------+-------
        D:1 |      32 |       0 |   0.0 |      18 |       0 |   0.0
        D:2 |      18 |       0 |   0.0 |       4 |       0 |   0.0
            +---------+---------+-------+---------+---------+-------

Illustrated notes

Table legend:
 A = Kills in this place as a percentage of kills in entire the game.
 B = Kills by you in this place as a percentage of kills by you in the entire game.
 C = Kills by friends in this place as a percentage of kills by friends in the entire game.
 D = Other kills in this place as a percentage of other kills in the entire game.
 E = Experience gained in this place as a percentage of experience gained in the entire game.
 F = Experience gained in this place divided by the number of levels of this place that you have seen.
                   A       B       C       D       E      F
               +-------+-------+-------+-------+-------+----------------------
         Total | 100.0 | 100.0 |   N/A |   N/A | 100.0 |  25.0
       Dungeon | 100.0 | 100.0 |   N/A |   N/A | 100.0 |  25.0
               +-------+-------+-------+-------+-------+----------------------

Table legend: (Time is in decaauts)
 A = Elapsed time spent in this place.
 B = Non-inter-level travel time spent in this place.
 C = Inter-level travel time spent in this place.
 D = Time resting spent in this place.
 E = Time spent auto-exploring this place.
 F = Levels seen in this place.
 G = Mean time per level.
                   A        B        C        D        E       F      G
               +--------+--------+--------+--------+--------+-----+--------+
         Total |   1280 |   1193 |     87 |      0 |   1061 |   2 |  640.0 |
       Dungeon |   1280 |   1193 |     87 |      0 |   1061 |   2 |  640.0 |
               +--------+--------+--------+--------+--------+-----+--------+

Top non-repeatable levels by time:
     D:1: 1215 daAuts
     D:2: 65 daAuts
